 Dungeon Crawl Stone Soup version 0.29.1-1-gd02db6906a (webtiles) character file.

Game seed: 6441831103636412197

207 safid the Shooter (level 5, -2/45 HPs)
             Began as a Minotaur Hunter on Oct 7, 2022.
             Slain by a gnoll sergeant
             ... wielding a +0 vampiric spear
              (4 damage)
             ... on level 3 of the Dungeon.
             The game lasted 00:03:01 (2872 turns).

safid the Shooter (Minotaur Hunter)                 Turns: 2872, Time: 00:03:01

Health: -2/45      AC:  4    Str: 15    XL:     5   Next: 54%
Magic:  4/4        EV: 12    Int:  6    God:
Gold:   202        SH:  0    Dex: 16    Spells: 4/4 levels left

rFire   . . .      SeeInvis .   a - +0 shortbow
rCold   . . .      Faith    .   (shield currently unavailable)
rNeg    . . .      Spirit   .   c - +0 leather armour
rPois   .          Reflect  .   (helmet restricted)
rElec   .          Harm     .   (no cloak)
rCorr   +          Rampage  .   n - +0 pair of gloves
Will    .....                   (no boots)
Stlth   +.........              (no amulet)
HPRegen 0.15/turn               l - ring of resist corrosion
MPRegen 0.09/turn               (no ring)

@: no status effects
A: horns 2, retaliatory headbutt
a: no special abilities


You were on level 3 of the Dungeon.
You visited 1 branch of the dungeon, and saw 3 of its levels.

You collected 202 gold pieces.

Inventory:

Hand Weapons
 a - a +0 shortbow (weapon)
Armour
 c - a +0 leather armour (worn)
 n - a +0 pair of gloves (worn)
Jewellery
 l - a ring of resist corrosion (left hand)
Wands
 p - a wand of flame (16)
Scrolls
 b - 2 scrolls of immolation
 d - a scroll of enchant weapon {unknown}
 e - 2 scrolls of identify {unknown}
 h - a scroll of blinking {unknown}
 i - a scroll of fear {unknown}
 m - a scroll of torment {unknown}
 o - a scroll of magic mapping {unknown}
 q - a scroll of butterflies {unknown}
 r - a scroll of teleportation {unknown}
Potions
 f - 2 potions of curing {unknown}
 g - 2 potions of cancellation {unknown}
 j - a potion of brilliance {unknown}
 k - a potion of lignification {unknown}
 s - a potion of resistance {unknown}
 t - a potion of heal wounds {unknown}


   Skills:
 - Level 3.0 Fighting
 + Level 7.4 Ranged Weapons
 - Level 2.1 Dodging
 - Level 0.7 Stealth


You had 4 spell levels left.
You didn't know any spells.
Your spell library was empty.

Dungeon Overview and Level Annotations

Branches:
Dungeon (3/15)

Altars:


Innate Abilities, Weirdness & Mutations

You have a pair of horns on your head.
You reflexively headbutt those who attack you in melee.


Message History

The arrow hits the gnoll but does no damage.
The gnoll is lightly wounded.
You hear a shout!
A gnoll comes into view. It is wielding a +0 club.
The gnoll hits you with a +0 flail!
You shoot an arrow. The arrow closely misses the gnoll.
The arrow hits the gnoll but does no damage.
The gnoll hits you but does no damage.
You shoot an arrow. The arrow hits the gnoll!
The gnoll is severely wounded.
The gnoll barely misses you.
You shoot an arrow. The arrow hits the gnoll.
You kill the gnoll!
The gnoll hits you but does no damage. The gnoll sergeant closely misses you.
You shoot an arrow.
The arrow hits the gnoll but does no damage.
The gnoll closely misses you.
The gnoll sergeant hits you from afar with a +0 vampiric spear.
The gnoll attacks as you move away! The gnoll misses you.
You shoot an arrow. The arrow hits the gnoll.
The gnoll is lightly wounded.
The gnoll misses you.
The gnoll sergeant hits you from afar with a +0 vampiric spear.
You shoot an arrow. The arrow hits the gnoll!
You kill the gnoll!
The gnoll sergeant hits you from afar with a +0 vampiric spear!
* * * LOW HITPOINT WARNING * * *
You are too injured to fight recklessly!
You are too injured to fight recklessly!
Unknown command.
The gnoll attacks as you move away! The gnoll hits you but does no damage.
The gnoll attacks as you move away! The gnoll hits you but does no damage.
The gnoll hits you with a +0 club.
* * * LOW HITPOINT WARNING * * *
The gnoll sergeant hits you from afar with a +0 vampiric spear!
* * * LOW HITPOINT WARNING * * *
The gnoll attacks as you move away! The gnoll hits you with a +0 club.
* * * LOW HITPOINT WARNING * * *
The gnoll sergeant hits you from afar with a +0 vampiric spear.
You die...

.#.#..........#
###.....# #
...#.#########
#.......# # ##.#.#
#.......# # .....#
#.......# # ##.###
#.......# # #.#
#.......# # #.#
#......# #
#.##############......#
#
#...........)).@g.....#
#
#.#####....#####......#
# ### #....# #.g....##
# #....# ##......# #
#....# ##.##### ♣ #
#....# #..# .. ######
#.## ♣..# #.# ♣♣.)..#
#.#♣♣....♣.#


You could see a gnoll sergeant and a gnoll.

Vanquished Creatures
  An orc priest (D:3)
  4 gnolls (D:3)
  3 adders
  2 worms (D:3)
  3 dart slugs
  9 orcs (D:3)
  4 endoplasms
  9 giant cockroaches
  9 goblins
  4 hobgoblins
  10 jackals (D:2)
  5 kobolds
  7 quokkas
  6 ball pythons
  5 bats
  3 frilled lizards
  5 rats
89 creatures vanquished.

Vanquished Creatures (others)
  A plant (D:1)
1 creature vanquished.

Grand Total: 90 creatures vanquished

Notes
Turn   | Place    | Note
-------+----------+-------------------------------------------
     0 | D:1      | safid the Minotaur Hunter began the quest for the Orb.
     0 | D:1      | Reached XP level 1. HP: 18/18 MP: 0/0
   251 | D:1      | Reached XP level 2. HP: 20/25 MP: 1/1
   381 | D:1      | Reached skill level 5 in Ranged Weapons
   770 | D:1      | Reached XP level 3. HP: 31/31 MP: 2/2
  1644 | D:2      | Reached skill level 6 in Ranged Weapons
  1644 | D:2      | Reached XP level 4. HP: 34/38 MP: 3/3
  2787 | D:3      | Reached skill level 7 in Ranged Weapons
  2787 | D:3      | Reached XP level 5. HP: 43/45 MP: 4/4
  2872 | D:3      | HP: 2/45 [gnoll/+0 club (2)]
  2872 | D:3      | Slain by a gnoll sergeant

Illustrated notes

Levels and vault maps discovered:
D:1:      minmay_arrival_shattered_statue, layout_basic, serial_bayou_ford_a
D:2:      layout_rooms, nicolae_concentric_dashed_squares_mild, fountainhead,
          minmay_worlds_worst_comb
D:3:      layout_basic, pf_guarded_unrand_woodcutter

Skill      XL: |  1  2  3  4 |
---------------+-------------+-----
Fighting       | 3 |  3.0
Ranged Weapons | 5 6 7 |  7.4
Dodging        | |  2.1
Stealth        | |  0.7

Action                   |  1- 3 |  4- 6 || total
-------------------------+-------+-------++-------
 Fire: Shortbow          |   124 |   103 ||   227
Armor: Leather armour    |     6 |    17 ||    23
Dodge: Dodged            |    22 |    37 ||    59
